 Dungeon Crawl Stone Soup version 0.28-a0-1142-gc8569940dd (webtiles) character file.

Game seed: 13495334901999807591

3563 Caerun the Basher (level 10, 0/56 HPs)
             Began as a Gargoyle Berserker on Dec 13, 2021.
             Was a Priest of Trog.
             Slain by a killer bee (10 damage)
             ... on level 9 of the Dungeon.
             The game lasted 00:19:17 (7196 turns).

Caerun the Basher (Gargoyle Berserker)              Turns: 7196, Time: 00:19:18

Health: 0/56       AC: 22    Str: 32    XL:     10   Next: 9%
Magic:  10/10      EV:  9    Int:  7    God:    Trog [***...]
Gold:   430        SH:  0    Dex:  9    Spells: 9/9 levels left

rFire   . . .      SeeInvis .   F - +4 hand axe (freeze)
rCold   + . .      Faith    .   (no shield)
rNeg    + + .      Spirit   .   p - +5 chain mail {rC+}
rPois   ∞          Reflect  .   (no helmet)
rElec   +          Harm     .   (no cloak)
rCorr   .          Rampage  .   c - +0 pair of gloves
Will    .....                   (no boots)
Stlth   ..........              (no amulet)
HPRegen 0.18/turn               m - +6 ring of strength
MPRegen 0.12/turn               E - ring of positive energy

@: no status effects
A: sickness immunity, AC +7, negative energy resistance 1, electricity
resistance, torment resistance 1, petrification resistance
a: Renounce Religion, Berserk, Trog's Hand


You were on level 9 of the Dungeon.
You worshipped Trog.
Trog was most pleased with you.
You visited 2 branches of the dungeon, and saw 10 of its levels.

You collected 430 gold pieces.

Inventory:

Hand Weapons
 a - a +2 mace of flaming
 F - a +4 hand axe of freezing (weapon)
Missiles
 s - 6 poisoned darts (quivered)
 D - 2 boomerangs
Armour
 c - a +0 pair of gloves (worn)
 p - a +5 chain mail of cold resistance (worn)
 B - a +0 tower shield
Jewellery
 m - a +6 ring of strength (left hand)
 E - a ring of positive energy (right hand)
Wands
 A - a wand of acid (9)
Scrolls
 b - 2 scrolls of amnesia {unknown}
 d - 2 scrolls of immolation {unknown}
 e - 2 scrolls of enchant weapon {unknown}
 f - 2 scrolls of brand weapon
 i - 3 scrolls of identify {unknown}
 j - 3 scrolls of enchant armour
 k - 3 scrolls of teleportation {unknown}
 n - a scroll of fog {unknown}
 q - a scroll of blinking
 u - a scroll of magic mapping {unknown}
 x - 2 scrolls of summoning {unknown}
 y - a scroll of vulnerability {unknown}
 C - 2 scrolls of noise {unknown}
Potions
 g - a potion of flight {unknown}
 h - a potion of resistance {unknown}
 l - 4 potions of lignification {unknown}
 o - 2 potions of curing {unknown}
 r - 2 potions of attraction {unknown}
 t - a potion of cancellation {unknown}
 v - 4 potions of heal wounds {unknown}
 w - 3 potions of berserk rage {unknown}
 z - a potion of degeneration {unknown}


   Skills:
 - Level 4.0 Fighting
 + Level 13.7 Maces & Flails
 + Level 1.5 Throwing
 + Level 3.6 Armour
 - Level 1.5 Dodging
 - Level 1.0 Stealth


You had 9 spell levels left.
You didn't know any spells.
Your spell library was empty.

Dungeon Overview and Level Annotations

Branches:
Dungeon (9/15)             Temple (1/1) D:6
   Lair: D:8-11         Orc: D:9-12

Altars:
Ashenzari
Cheibriados
Dithmenos
Elyvilon
Fedhas
Kikubaaqudgha
Nemelex Xobeh
Okawaru
Qazlal
Ru
Sif Muna
Trog
Uskayaw
Vehumet
Wu Jian
Xom
Yredelemnul
The Shining One


Innate Abilities, Weirdness & Mutations

You are immune to sickness and miasma.
Your stone body is resilient. (AC +7)
You are immune to poison.
You resist negative energy. (rN+)
You are resistant to electric shocks. (rElec)
You are resistant to unholy torment.
You are immune to petrification.


Message History

The queen bee is moderately wounded.
You closely miss the killer bee. You miss the killer bee.
The killer bee stings you. The killer bee closely misses you.
The killer bee stings you but does no damage.
The killer bee barely misses you.
You closely miss the queen bee.
The queen bee is moderately wounded.
You miss the killer bee. You closely miss the killer bee.
The killer bee stings you.
The killer bee stings you but does no damage.
The queen bee calls on the killer bee to defend it!
The killer bee goes berserk!
The queen bee calls on the killer bee to defend it!
The killer bee goes berserk!
The killer bee stings you. The killer bee stings you!
Aiming: Corrosive Bolt
Press: ? - help, Shift-Dir - straight line, f - queen bee
Aim: a queen bee (moderately wounded, 71% to hit)
The bolt of acid hits the queen bee!
The acid corrodes the queen bee!
The queen bee is heavily wounded.
The bolt of acid misses the killer bee.
The bolt of acid hits the killer bee!
The acid corrodes the killer bee!
The killer bee is almost dead.
The bolt of acid misses the killer bee. x2; The killer bee stings you!
The killer bee barely misses you. x2
The killer bee stings you but does no damage.
The queen bee misses you.
The killer bee stings you but does no damage. x2
You slash the queen bee! You freeze the queen bee.
You kill the queen bee!
Trog accepts your kill.
You hit the killer bee but do no damage.
You miss the killer bee. The killer bee barely misses you.
The killer bee stings you!
* * * LOW HITPOINT WARNING * * *
A killer bee comes into view.
The killer bee barely misses you. x2
The killer bee stings you but does no damage.
The killer bee stings you!
You die...

.. ..# .
#.#
..#####.###
..........#
..........#
..........#
......?.<.#
......y@y.#
....###y###
..


yyy yyyy# #yyyy# #yyy.# #!..!# ###### You could see 17 killer bees.

Vanquished Creatures
  Pikel (D:4)
  A queen bee (D:9)
  Sigmund (D:4)
  Eustachio (D:4)
  2 ice beasts
  5 necrophages
  2 sky beasts (D:7)
  2 ogres
  A lemure (D:4)
  4 phantoms
  A bullfrog (D:7)
  2 scorpions (D:5)
  A wyvern skeleton (D:7)
  2 water moccasin skeletons (D:5)
  8 wights
  A killer bee (D:9)
  2 vampire bats (D:5)
  2 centaur zombies
  3 hounds
  2 orc priests
  A bullfrog skeleton (D:4)
  A gnoll shaman (D:6)
  2 jellies
  2 centaur skeletons
  Terence (D:3)
  2 orc wizards
  2 killer bee zombies (D:8)
  7 adders
  11 gnolls
  An adder skeleton (D:4)
  2 worms
  2 dart slugs
  14 orcs
  11 bats
  9 endoplasms
  5 giant cockroaches
  3 goblins
  7 hobgoblins
  5 jackals (D:1)
  6 kobolds
  6 ball pythons
  5 frilled lizards
  A rat (D:2)
150 creatures vanquished.

Notes
Turn   | Place    | Note
-------+----------+-------------------------------------------
     0 | D:1      | Caerun the Gargoyle Berserker began the quest for the Orb.
     0 | D:1      | Reached XP level 1. HP: 14/14 MP: 1/1
   252 | D:1      | Reached XP level 2. HP: 19/19 MP: 2/2
  1029 | D:1      | Reached XP level 3. HP: 24/24 MP: 3/3
  1611 | D:3      | Reached skill level 4 in Maces & Flails
  2215 | D:2      | Reached XP level 4. HP: 26/29 MP: 4/4
  2218 | D:2      | Reached ** piety under Trog
  2659 | D:3      | Noticed Terence
  2674 | D:3      | Killed Terence
  2675 | D:3      | Reached skill level 5 in Maces & Flails
  2675 | D:3      | Reached skill level 1 in Stealth
  2675 | D:3      | Reached XP level 5. HP: 33/33 MP: 5/5
  2935 | D:3      | Found a faded altar of an unknown god.
  2940 | D:3      | Found a shimmering altar of Xom.
  3297 | D:4      | Noticed Eustachio
  3302 | D:4      | Noticed Sigmund
  3303 | D:4      | Killed Eustachio
  3304 | D:4      | Reached skill level 6 in Maces & Flails
  3304 | D:4      | Reached XP level 6. HP: 38/38 MP: 6/6
  3321 | D:4      | Noticed Pikel
  3423 | D:4      | Reached skill level 7 in Maces & Flails
  3437 | D:4      | Reached XP level 7. HP: 36/43 MP: 7/7
  3670 | D:4      | Killed Pikel
  3671 | D:4      | Reached skill level 9 in Maces & Flails
  3671 | D:4      | Reached XP level 8. HP: 48/48 MP: 8/8
  3712 | D:5      | Entered Level 5 of the Dungeon
  3755 | D:5      | Reached skill level 1 in Throwing
  3875 | D:4      | Found a white marble altar of Elyvilon.
  3875 | D:4      | Found a bloodstained altar of Trog.
  3912 | D:4      | Reached skill level 10 in Maces & Flails
  3956 | D:4      | Killed Sigmund
  4646 | D:5      | Reached skill level 11 in Maces & Flails
  4705 | D:5      | Reached XP level 9. HP: 49/52 MP: 9/9
  4900 | D:5      | Reached *** piety under Trog
  4931 | D:5      | Found a broken altar of Ashenzari.
  4934 | D:6      | Found a staircase to the Ecumenical Temple.
  4939 | Temple   | Entered the Ecumenical Temple
  5245 | D:5      | Found a shimmering blue altar of Sif Muna.
  5552 | D:6      | Reached skill level 12 in Maces & Flails
  6072 | D:7      | Reached skill level 13 in Maces & Flails
  6107 | D:7      | Found a sparkling altar of Nemelex Xobeh.
  6605 | D:6      | Found a blossoming altar of Fedhas.
  6891 | D:7      | Reached XP level 10. HP: 53/56 MP: 10/10
  7196 | D:9      | Slain by a killer bee

Illustrated notes

Levels and vault maps discovered:
D:1:      arrival_zaba_pyramid, layout_loops_corners
D:2:      layout_basic, hangedman_glass_teeth, kennysheep_small_spiral
D:3:      layout_basic, nicolae_overflow_ecumenical_swirl, uniq_terence
D:4:      layout_loops_ring, gammafunk_temple_overflow_wave, st_stairs_6,
          uniq_sigmund, uniq_pikel, uniq_eustachio
D:5:      layout_rooms, lemuel_doored_altar, ashenzari_altar_1, roderic_batcave
D:6:      layout_rooms, mainiacjoe_overflow_alcove_1
D:7:      layout_rooms, nemelex_spade_bored_becter
D:8:      layout_rooms
D:9:      layout_basic, grunt_temple_overflow_order_and_chaos_2,
          nicolae_hepliaklqana_ecumenical_no_more, special_room
          [special_room_bee]
Temple:   bh_familiar_temple

Skill      XL: |  1  2  3  4  5  6  7  8  9 |
---------------+----------------------------+-----
Fighting       | 4 |  4.0
Maces & Flails | 4 5 6 7 9 11 13 | 13.7
Stealth        | 1 |  1.0
Throwing       | 1 |  1.5
Armour         | 3 |  3.6
Dodging        | |  1.5

Action                   |  1- 3 |  4- 6 |  7- 9 | 10-12 || total
-------------------------+-------+-------+-------+-------++-------
Melee: Mace              |   124 |    83 |   345 |    23 ||   575
       Hand axe          |       |       |       |     6 ||     6
Throw: Dart              |       |     3 |     1 |       ||     4
Invok: Berserk           |       |     2 |     2 |       ||     4
       Trog's Hand       |       |       |     1 |       ||     1
Evoke: Wand              |       |       |       |     1 ||     1
  Use: Scroll            |       |       |     3 |       ||     3
 Stab: Sleeping          |     1 |       |       |       ||     1
Armor: Animal skin       |    35 |       |       |       ||    35
       Scale mail        |    12 |    18 |       |       ||    30
       Leather armour    |    11 |       |       |       ||    11
       Chain mail        |       |    31 |   212 |    17 ||   260
Dodge: Dodged            |    78 |    28 |   135 |    18 ||   259

Table legend: (Time is in decaauts)
 A = Elapsed time spent in this place.
 B = Non-inter-level travel time spent in this place.
 C = Inter-level travel time spent in this place.
 D = Time resting spent in this place.
 E = Time spent auto-exploring this place.
 F = Levels seen in this place.
 G = Mean time per level.
                   A        B        C        D        E       F      G
               +--------+--------+--------+--------+--------+-----+--------+
         Total |   7219 |   7075 |    144 |    920 |   3548 |  10 |  721.9 |
       Dungeon |   7026 |   6902 |    124 |    920 |   3377 |   9 |  780.7 |
        Temple |    192 |    172 |     20 |      0 |    171 |   1 |  192.0 |
               +--------+--------+--------+--------+--------+-----+--------+

Top non-repeatable levels by time:
     D:4: 1236 daAuts
     D:1: 1182 daAuts
     D:3: 1111 daAuts
     D:2: 1068 daAuts
     D:5: 945 daAuts
     D:6: 839 daAuts
     D:7: 574 daAuts
  Temple: 192 daAuts
     D:8: 57 daAuts
     D:9: 8 daAuts
